 Dungeon Crawl Stone Soup version 0.31-a0-542-gdc2a67831c (webtiles) character file.

Game seed: 18273054763540069198

1838 AdnanSaban the Cudgeller (level 9, -4/56 HPs)
             Began as a Gargoyle Fighter on Aug 14, 2023.
             Was a Believer of Okawaru.
             Shot with an arrow by a centaur (6 damage)
             ... on level 7 of the Dungeon.
             The game lasted 00:04:42 (4274 turns).

AdnanSaban the Cudgeller (Gargoyle Fighter)         Turns: 4274, Time: 00:04:42

Health: -4/56      AC: 26    Str: 23    XL:     9   Next: 11%
Magic:  9/9        EV:  7    Int: 15    God:    Okawaru [**....]
Gold:   316        SH:  4    Dex:  9    Spells: 8/8 levels left

rFire   . . .        x - +1 flail (protect)
rCold   . . .        c - +0 buckler
rNeg    + . .        A - +0 plate armour
rPois   ∞            (no helmet)
rElec   +            (no cloak)
rCorr   .            (no gloves)
SInv    .            (no boots)
Will    .....        o - amulet "Amix" {Will- Regen+ Int+5} Stlth
                     a - ring of willpower
HPRegen 1.09/turn    (no ring)
MPRegen 0.11/turn

%: no passive effects
@: under a protective aura
A: sickness immunity, AC +6, negative energy resistance 1, electricity
resistance, torment resistance 1, petrification resistance
a: Renounce Religion, Heroism


You were on level 7 of the Dungeon.
You worshipped Okawaru.
Okawaru was pleased with you.
You visited 2 branches of the dungeon, and saw 8 of its levels.

You collected 316 gold pieces.

Inventory:

Hand Weapons
 x - a +1 flail of protection (weapon)
Missiles
 i - 16 poisoned darts (quivered)
 u - 2 throwing nets
 v - 2 curare-tipped darts
Armour
 c - a +0 buckler (worn)
 w - a +0 tower shield
 A - a +0 plate armour (worn)
Jewellery
 a - a ring of willpower (left hand)
 g - a ring of fire
 o - the amulet "Amix" (around neck) {Will- Regen+ Int+5}
   (You found it on level 2 of the Dungeon)

   [amulet of regeneration]

   Int+5:     It affects your intelligence (+5).
   Will-:     It decreases your willpower.
   Regen+:    It increases your rate of health regeneration.
Wands
 n - a wand of quicksilver (6)
 p - a wand of roots (7)
 s - a wand of flame (26)
Scrolls
 e - a scroll of summoning {unknown}
 f - 8 scrolls of identify {unknown}
 h - 3 scrolls of noise {unknown}
 k - a scroll of vulnerability {unknown}
 l - 3 scrolls of teleportation {unknown}
 m - 3 scrolls of torment {unknown}
 y - a scroll of enchant weapon {unknown}
Potions
 b - 3 potions of berserk rage {unknown}
 d - a potion of might
 j - a potion of ambrosia {unknown}
 q - 2 potions of resistance {unknown}
 r - 5 potions of curing {unknown}
 t - a potion of haste {unknown}
 z - a potion of magic {unknown}


   Skills:
 + Level 6.5 Fighting
 + Level 7.9 Maces & Flails
 + Level 0.1 Throwing
 + Level 6.2 Armour
 + Level 1.7 Dodging
 + Level 1.5 Stealth
 + Level 5.2 Shields


You had 8 spell levels left.
You didn't know any spells.
Your spell library contained the following spells:

 Spells                   Type           Power      Damage    Failure   Level
 Sandblast                Erth           0%         2d4       99%         1
 Sting                    Tmut/Pois      0%         1d3       99%         1
 Passwall                 Tmut/Erth      0%         N/A       100%        2
 Poisonous Vapours        Pois/Air       0%         N/A       100%        2
 Inner Flame              Hex/Fire       0%         N/A       100%        3
 Ozocubu's Armour         Ice            0%         N/A       100%        3
 Stone Arrow              Conj/Erth      0%         3d7       100%        3
 Olgreb's Toxic Radiance  Pois           0%         N/A       100%        4
 Iskenderun's Battlesphe  Conj           0%         2d6       100%        5
 Metabolic Englaciation   Hex/Ice        0%         N/A       100%        5
 Yara's Violent Unravell  Hex/Tmut       0%         3d3       100%        5
 Leda's Unmaking          Conj/Erth      0%         9d1       100%        6
 Enfeeble                 Hex            0%         N/A       100%        7
 Simulacrum               Ice/Necr       Unusable   N/A       N/A         6
 Spellforged Servitor     Conj/Summ      Unusable   N/A       N/A         7

Dungeon Overview and Level Annotations

Branches:
Dungeon (7/15)             Temple (1/1) D:4

Altars:
Cheibriados
Dithmenos
Elyvilon
Fedhas
Gozag
Kikubaaqudgha
Makhleb
Nemelex Xobeh
Okawaru
Qazlal
Ru
Sif Muna
Trog
Uskayaw
Vehumet
Wu Jian
Xom
Yredelemnul
Zin
The Shining One

Shops:
D:2 :[[?


Innate Abilities, Weirdness & Mutations

You are immune to sickness and miasma.
Your stone body is resilient. (AC +6)
You are immune to poison.
You resist negative energy. (rN+)
You are resistant to electric shocks. (rElec)
You are resistant to unholy torment.
You are immune to petrification.


Message History

You are too injured to fight recklessly!
Unknown command.
You completely miss the centaur.
The centaur is moderately wounded.
The centaur shoots an arrow.
You block the arrow. The centaur closely misses you.
The centaur kicks you but does no damage.
The centaur hits you.
The centaur kicks you but does no damage.
You sock the centaur!
The centaur is almost dead.
The centaur shoots an arrow.
The arrow hits you but does no damage. You block the centaur's attack.
The centaur kicks you but does no damage.
You barely miss the centaur.
The centaur is almost dead.
The centaur shoots an arrow.
The arrow hits you.
The centaur hits you but does no damage.
The centaur kicks you but does no damage.
The centaur shoots an arrow.
The arrow hits you but does no damage. The centaur hits you.
You block the centaur's attack.
You barely miss the centaur.
The centaur is almost dead.
The centaur shoots an arrow.
The arrow hits you!
* * * LOW HITPOINT WARNING * * *
The centaur hits you but does no damage.
The centaur kicks you but does no damage.
Unknown command.
You hit the centaur.
You kill the centaur!
Okawaru accepts your kill.
The centaur shoots an arrow.
The arrow hits you.
* * * LOW HITPOINT WARNING * * *
The centaur shoots an arrow.
The arrow barely misses you.
y - a scroll labelled MAUJUEH ADIU You see here a +0 orcbow.
The centaur shoots an arrow.
The arrow hits you.
* * * LOW HITPOINT WARNING * * *
The centaur shoots an arrow.
The arrow hits you.
You die...

#.#.#.#.#.#.#.. ...###
.#.#.#.#.#.#.###########
#.#.#.#.#.#.#...........
#.#.#.#.#.#.#####......
#.....#.#.#.# #.......
#.#..)#.#.#.## #.......
#..c..#.#.#.# #.......
#.#.#.#)#.#.####.......
.#c#@#.#.#...........
#.#.#.#.#.#####......
#.#.# #.#.#.# #......
#.#.# #.#.## #......
#.#.# #.#.# #...... .#.#
#.## #...... #.# #.#
#...... .# ## #######


You could see a centaur.

Vanquished Creatures
  Duvessa (D:4)
  An ice beast (D:7)
  3 ogres
  3 centaurs
  A phantom (D:5)
  A gnoll sergeant (D:5)
  A scorpion (D:5)
  Dowan (D:4)
  2 howler monkeys (D:6)
  4 jellies
  A gnoll bouda (D:5)
  4 orc priests
  Jessica (D:2)
  5 orc wizards
  6 iguanas
  10 gnolls (D:5)
  7 adders
  A white imp (D:6)
  2 ufetubi
  A worm (D:2)
  7 dart slugs
  15 orcs
  5 ball pythons
  3 endoplasms
  3 giant cockroaches
  2 hobgoblins
  6 quokkas
  3 bats
  3 frilled lizards (D:1)
  3 goblins (D:1)
  12 kobolds
  2 rats
120 creatures vanquished.

Notes
Turn   | Place    | Note
-------+----------+-------------------------------------------
     0 | D:1      | AdnanSaban the Gargoyle Fighter began the quest for the
                  | Orb.
     0 | D:1      | Reached XP level 1. HP: 14/14 MP: 1/1
    91 | D:1      | Found a faded altar of an unknown god.
   156 | D:1      | Reached XP level 2. HP: 19/19 MP: 2/2
   702 | D:2      | Reached XP level 3. HP: 24/24 MP: 3/3
   744 | D:2      | Found Quhekil's Antique Armour Shoppe.
   777 | D:2      | Found Lots's Antique Armour Emporium.
  1041 | D:2      | Found Ischut's Magic Scroll Boutique.
  1113 | D:2      | Noticed Jessica
  1120 | D:2      | Killed Jessica
  1121 | D:2      | Reached XP level 4. HP: 25/29 MP: 4/4
  1140 | D:2      | Found Aliex's Book Emporium.
  1153 | D:2      | Reached skill level 3 in Maces & Flails
  1208 | D:2      | Identified the amulet "Amix" {Will- Regen+ Int+5}
  1719 | D:4      | Noticed a centaur
  1724 | D:4      | Noticed Duvessa
  1739 | D:3      | Killed a centaur
  1740 | D:3      | Reached XP level 5. HP: 16/33 MP: 5/5
  1770 | D:4      | Killed Duvessa
  1771 | D:4      | Reached skill level 4 in Maces & Flails
  1771 | D:4      | Reached XP level 6. HP: 23/38 MP: 6/6
  1775 | D:4      | Noticed Dowan
  1790 | D:4      | Killed Dowan
  2055 | D:4      | Reached skill level 1 in Dodging
  2481 | D:4      | Found a staircase to the Ecumenical Temple.
  2520 | Temple   | Entered the Ecumenical Temple
  2535 | Temple   | Became a worshipper of Warmaster Okawaru
  2569 | D:5      | Entered Level 5 of the Dungeon
  2603 | D:5      | Reached skill level 5 in Maces & Flails
  2603 | D:5      | Reached XP level 7. HP: 43/44 MP: 7/7
  2790 | D:5      | Found a shimmering altar of Xom.
  2826 | D:5      | Reached skill level 5 in Armour
  2859 | D:5      | Reached * piety under Okawaru
  2860 | D:5      | Reached skill level 5 in Fighting
  2923 | D:5      | Found a stormy altar of Qazlal.
  2937 | D:5      | Reached skill level 6 in Maces & Flails
  3028 | D:5      | Reached XP level 8. HP: 48/49 MP: 8/8
  3607 | D:6      | Reached ** piety under Okawaru
  3608 | D:6      | Reached skill level 1 in Stealth
  3735 | D:6      | Reached skill level 7 in Maces & Flails
  4131 | D:7      | Reached skill level 5 in Shields
  4195 | D:7      | Reached XP level 9. HP: 42/55 MP: 9/9
  4273 | D:7      | HP: 1/56 [centaur/arrow (5)]
  4274 | D:7      | Shot with an arrow by a centaur

Illustrated notes

Levels and vault maps discovered:
D:1:      moated_graveyard_arrival, layout_basic,
          dreamdust_ecumenical_altar_statues
D:2:      layout_basic, serial_shops, shop, nicolae_shop_rolling_square,
          nicolae_shop_tiny_waterfront, shop, uniq_jessica
D:3:      layout_rooms
D:4:      layout_basic, minmay_temple_entry_enclosed_plants, minivault_19,
          small_statue_intersection, uniq_duvessa
D:5:      layout_loops_ring, lemuel_doored_altar,
          nicolae_qazlal_scattered_showers, minivault_11,
          minmay_misc_feat_ornament
D:6:      layout_rooms
D:7:      layout_basic
Temple:   eino_narrow_crystal_temple

Skill      XL: |  1  2  3  4  5  6  7  8 |
---------------+-------------------------+-----
Maces & Flails | 3 4 5 6 7 |  7.9
Fighting       | 4 5 6 |  6.5
Armour         | 4 5 6 |  6.2
Shields        | 4 5 |  5.2
Dodging        | 1 |  1.7
Stealth        | 1 |  1.5
Throwing       | |  0.1

Action                     |  1- 3 |  4- 6 |  7- 9 || total
---------------------------+-------+-------+-------++-------
  Melee: Flail             |    89 |   157 |   322 ||   568
  Throw: Dart              |       |     2 |       ||     2
 Armour: Chain mail        |    48 |   125 |   166 ||   339
         Scale mail        |     5 |       |       ||     5
         Plate armour      |       |       |    67 ||    67
  Dodge: Dodged            |    24 |    65 |   110 ||   199
  Block: Buckler           |    19 |    31 |    81 ||   131

Table legend: (Time is in decaauts)
 A = Elapsed time spent in this place.
 B = Non-inter-level travel time spent in this place.
 C = Inter-level travel time spent in this place.
 D = Time resting spent in this place.
 E = Time spent auto-exploring this place.
 F = Levels seen in this place.
 G = Mean time per level.
                   A        B        C        D        E       F      G
               +--------+--------+--------+--------+--------+-----+--------+
         Total |   4387 |   4146 |    241 |     16 |   2994 |   8 |  548.4 |
       Dungeon |   4356 |   4143 |    213 |     16 |   2994 |   7 |  622.3 |
        Temple |     30 |      2 |     28 |      0 |      0 |   1 |   30.0 |
               +--------+--------+--------+--------+--------+-----+--------+

Top non-repeatable levels by time:
     D:5: 915 daAuts
     D:4: 814 daAuts
     D:6: 695 daAuts
     D:1: 664 daAuts
     D:2: 663 daAuts
     D:3: 468 daAuts
     D:7: 135 daAuts
  Temple: 30 daAuts
